 Dungeon Crawl Stone Soup version 0.27-a0-1188-g73eefd5def (webtiles) character file.

Game seed: 11863577245722040006

30 karrick the Sneak (level 3, 0/25 HPs)
             Began as a Gnoll Enchanter on May 21, 2021.
             Slain by Natasha (3 damage)
             ... on level 2 of the Dungeon.
             The game lasted 00:02:14 (1406 turns).

karrick the Sneak (Gnoll Enchanter)                 Turns: 1406, Time: 00:02:14

Health: 0/25       AC:  2    Str:  7    XL:     3   Next: 20%
Magic:  9/9        EV: 13    Int: 14    God:
Gold:   17         SH:  0    Dex: 13    Spells: 11/12 levels left

rFire    . . .     SeeInvis .   a - +2 dagger
rCold    . . .     Faith    .   (no shield)
rNeg     . . .     Spirit   .   b - +0 robe
rPois    .         Reflect  .   (no helmet)
rElec    .         Harm     .   (no cloak)
rCorr    .         Rampage  .   (no gloves)
Will     .....                  (no boots)
Stlth    +++.......             (no amulet)
HPRegen  0.08/turn              (no ring)
MPRegen  0.11/turn              (no ring)

@: no status effects
A: fangs 1, strong nose, distributed training
a: no special abilities


You were on level 2 of the Dungeon.
You visited 1 branch of the dungeon, and saw 2 of its levels.

You collected 17 gold pieces.

Inventory:

Hand Weapons
 a - a +2 dagger (weapon)
 e - a +0 mace
Armour
 b - a +0 robe (worn)
Potions
 d - a potion of flight {unknown}
 g - a potion of haste {unknown}


   Skills:
 + Level 0.6 Fighting
 + Level 2.5 Short Blades
 + Level 0.6 Long Blades
 + Level 0.6 Axes
 + Level 0.6 Maces & Flails
 + Level 0.6 Polearms
 + Level 0.6 Staves
 + Level 0.6 Slings
 + Level 0.6 Bows
 + Level 0.6 Crossbows
 + Level 0.6 Throwing
 + Level 0.6 Armour
 + Level 4.5 Dodging
 + Level 5.9 Stealth
 + Level 0.6 Shields
 + Level 0.6 Unarmed Combat
 + Level 5.0 Spellcasting
 + Level 0.4 Conjurations
 + Level 5.4 Hexes
 + Level 0.4 Summonings
 + Level 0.4 Necromancy
 + Level 0.4 Translocations
 + Level 0.4 Transmutations
 + Level 0.4 Fire Magic
 + Level 0.4 Ice Magic
 + Level 0.4 Air Magic
 + Level 0.4 Earth Magic
 + Level 0.4 Poison Magic
 + Level 0.8 Invocations
 + Level 0.6 Evocations


You had 11 spell levels left.
You knew the following spells:

 Your Spells              Type           Power      Damage    Failure   Level
a - Corona                Hex            20%        N/A       1%          1

Your spell library contained the following spells:

 Spells                   Type           Power      Damage    Failure   Level
 Confusing Touch          Hex            18%        N/A       6%          3
 Tukima's Dance           Hex            18%        N/A       6%          3
 Ensorcelled Hibernation  Hex/Ice        22%        N/A       8%          2
 Dazzling Flash           Conj/Hex       22%        N/A       16%         3
 Gell's Gravitas          Tloc           2%         N/A       41%         3
 Petrify                  Tmut/Erth      4%         N/A       82%         4
 Metabolic Englaciation   Hex/Ice        5%         N/A       82%         5
 Yara's Violent Unravell  Hex/Tmut       5%         3d4       82%         5


Dungeon Overview and Level Annotations

Branches:
Dungeon (2/15)

Altars:

Annotations:
D:2 Jessica, Natasha


Innate Abilities, Weirdness & Mutations

You have very sharp teeth.
Your uncanny sense of smell can sniff out nearby items.
Your experience applies equally to all skills.


Message History

Natasha is lightly wounded.
Natasha casts a spell at you.
You feel yourself slow down. Natasha claws you!
You climb upwards.
There is a stone staircase leading down here.
Unknown command.
Natasha barely misses you. Natasha misses you.
You climb downwards.
Level annotation: Jessica
There is a stone staircase leading up here.
As you read the scroll labelled BOFYRI HAOBA, it crumbles to dust.
It is a scroll of enchant weapon.
Your +1 dagger glows red for a moment.
Natasha claws you but does no damage.
As you read the scroll labelled BAYHEE NIAQ, it crumbles to dust.
You feel strangely unstable.
It was a scroll of teleportation.
Natasha claws you. Natasha closely misses you.
You hit Natasha.
Natasha is lightly wounded.
Natasha misses you.
You hit Natasha.
Natasha is heavily wounded.
Natasha closely misses you.
You hit Natasha.
Natasha is heavily wounded.
You feel yourself speed up.
Your surroundings seem slightly different.
Natasha mumbles some strange words.
Natasha's front paws start to glow.
Found a stone staircase leading up.
Natasha casts a spell at you. The magic dart hits you!
* * * LOW HITPOINT WARNING * * *
You hit Natasha. Your bite misses Natasha.
Natasha is severely wounded.
Natasha barely misses you.
You barely miss Natasha.
Natasha is severely wounded.
Natasha claws you.
You die...

.... .... .
..... .. ..<..
.. ...... ..#
......####.#
....#......#
#....@...#
###..h...##
##.......##
#..#..#..!.....
#.$..<.....###
#....#####.#
#.... ..
#...### ## ...
∆


You could see Natasha.

Vanquished Creatures
  4 bats (D:1)
  5 endoplasms (D:1)
  2 goblins (D:1)
  A hobgoblin (D:1)
  2 jackals (D:1)
  2 kobolds (D:1)
  2 quokkas (D:1)
  3 ball pythons (D:1)
  3 frilled lizards (D:1)
  5 rats (D:1)
29 creatures vanquished.

Notes
Turn   | Place    | Note
-------+----------+-------------------------------------------
     0 | D:1      | karrick the Gnoll Enchanter began the quest for the Orb.
     0 | D:1      | Reached XP level 1. HP: 13/13 MP: 6/6
   287 | D:1      | Reached XP level 2. HP: 12/19 MP: 7/7
   565 | D:1      | HP: 1/20 [kobold/+0 short sword (5)]
   970 | D:1      | Found a faded altar of an unknown god.
  1088 | D:1      | Reached XP level 3. HP: 22/25 MP: 9/9
  1141 | D:1      | Reached skill level 5 in Spellcasting
  1365 | D:2      | Noticed Jessica
  1390 | D:2      | Noticed Natasha
  1406 | D:2      | Slain by Natasha

Illustrated notes

Levels and vault maps discovered:
D:1:      erik_arrival_orb_chamber, layout_loops_ring,
          hellmonk_ecumenical_altar_zigzags, st_stairs_4
D:2:      layout_rooms, minmay_joined_circles, uniq_terence, uniq_natasha,
          uniq_jessica, uniq_robin

Skill      XL: |  1  2  3 |
---------------+----------+-----
Spellcasting   | 5 |  5.0
Fighting       | |  0.6
Short Blades   | |  2.5
Long Blades    | |  0.6
Axes           | |  0.6
Maces & Flails | |  0.6
Polearms       | |  0.6
Staves         | |  0.6
Slings         | |  0.6
Bows           | |  0.6
Crossbows      | |  0.6
Throwing       | |  0.6
Armour         | |  0.6
Dodging        | |  4.5
Stealth        | |  5.9
Shields        | |  0.6
Unarmed Combat | |  0.6
Conjurations   | |  0.4
Hexes          | |  5.4
Summonings     | |  0.4
Necromancy     | |  0.4
Translocations | |  0.4
Transmutations | |  0.4
Fire Magic     | |  0.4
Ice Magic      | |  0.4
Air Magic      | |  0.4
Earth Magic    | |  0.4
Poison Magic   | |  0.4
Invocations    | |  0.8
Evocations     | |  0.6

Action                   || total
-------------------------++-------
Melee: Dagger            ||    87
       Bite              ||     6
 Cast: Corona            ||     7
  Use: Potion            ||     1
       Scroll            ||     2
 Stab: Sleeping          ||    13
Armor: Robe              ||    24
Dodge: Dodged            ||    59

Table legend: (Time is in decaauts)
 A = Elapsed time spent in this place.
 B = Non-inter-level travel time spent in this place.
 C = Inter-level travel time spent in this place.
 D = Time resting spent in this place.
 E = Time spent auto-exploring this place.
 F = Levels seen in this place.
 G = Mean time per level.
                   A        B        C        D        E       F      G
               +--------+--------+--------+--------+--------+-----+--------+
         Total |   1402 |   1370 |     32 |      0 |   1148 |   2 |  701.0 |
       Dungeon |   1402 |   1370 |     32 |      0 |   1148 |   2 |  701.0 |
               +--------+--------+--------+--------+--------+-----+--------+

Top non-repeatable levels by time:
     D:1: 1382 daAuts
     D:2: 19 daAuts
